 Dungeon Crawl Stone Soup version 0.29.1-debian-1-gc3f1650bb9 (webtiles) character file.

Game seed: 15954912657497109687

4753 Pilot the Chucker (level 10, 0/147 HPs)
             Began as a Troll Gladiator on Sept 10, 2022.
             Was a Priest of Wu Jian.
             Slain by a black mamba (6 damage)
             ... on level 8 of the Dungeon on Sept 12, 2022.
             The game lasted 00:47:19 (8279 turns).

Pilot the Chucker (Troll Gladiator)                 Turns: 8279, Time: 00:47:19

Health: 0/147      AC: 25    Str: 24    XL:     10   Next: 23%
Magic:  13/13      EV:  1    Int:  4    God:    Wu Jian [***...]
Gold:   349        SH:  0    Dex: 15    Spells: 14/15 levels left

rFire   . . .      SeeInvis .   s - +6 dagger of Okawaru's Delight {speed, rPois rC+}
rCold   + . .      Faith    .   (no shield)
rNeg    . . .      Spirit   .   (body armour currently unavailable)
rPois   +          Reflect  .   (helmet currently unavailable)
rElec   .          Harm     .   (cloak currently unavailable)
rCorr   .          Rampage  .   (gloves unavailable)
Will    .....      NoTele   +   (boots unavailable)
Stlth   ++........              (no amulet)
HPRegen 1.14/turn               (no ring)
MPRegen 0.13/turn               (no ring)

@: tree-form (expiring)
A: stationary, stasis, torment immunity, boosted hp, large, unfitting armour,
(claws 3), regeneration 1, (shaggy fur 1), (tough skin 1)
a: Renounce Religion, Wall Jump, Serpent's Lash


You were on level 8 of the Dungeon.
You worshipped Wu Jian.
Wu Jian was most pleased with you.
You were a tree.
You visited 2 branches of the dungeon, and saw 9 of its levels.
You also visited: Ossuary.

You collected 699 gold pieces.
You spent 350 gold pieces at shops.

Inventory:

Hand Weapons
 s - the +6 dagger of Okawaru's Delight (weapon) {speed, rPois rC+}
   (You found it on level 3 of the Dungeon)

   Attacks with this weapon are significantly faster.
   rC:        It protects you from cold.
   rPois:     It protects you from poison.
 A - a +3 hand axe of freezing
 C - a +2 dagger of holy wrath
 J - a +1 vorpal morningstar
 N - the +6 whip of Departure {protect, *Noise Dex+9}
   (You found it on level 6 of the Dungeon)

   It grants its wielder temporary protection when it strikes (+7 to AC).
   Dex:       It affects your dexterity (+9).
   *Noise:    It may make noises in combat.
 O - a +2 dagger of venom
Missiles
 c - 4 throwing nets (quivered)
 i - 4 datura-tipped darts
 n - 2 curare-tipped darts
 v - 35 poisoned darts
 M - 6 large rocks
Armour
 b - a +0 hat (melded)
 d - a +2 robe of fire resistance (melded)
 K - +0 steam dragon scales
 P - +0 steam dragon scales
Wands
 u - a wand of light (31)
 y - a wand of flame (31)
 L - a wand of charming (30)
Scrolls
 a - a scroll of vulnerability {unknown}
 e - a scroll of amnesia {unknown}
 g - 5 scrolls of identify
 k - 10 scrolls of teleportation
 l - a scroll of acquirement {unknown}
 t - 2 scrolls of enchant weapon {unknown}
 x - 2 scrolls of magic mapping {unknown}
 z - a scroll of summoning {unknown}
 D - 3 scrolls of blinking {unknown}
 E - 2 scrolls of immolation {unknown}
 Q - a scroll of enchant armour {unknown}
Potions
 f - 2 potions of haste
 h - 2 potions of degeneration {unknown}
 j - 5 potions of curing
 m - 4 potions of brilliance
 o - a potion of invisibility {unknown}
 p - 3 potions of flight
 q - 3 potions of lignification
 r - a potion of cancellation {unknown}
 w - a potion of berserk rage {unknown}
 B - 2 potions of might {unknown}
 F - 3 potions of attraction
 G - 3 potions of ambrosia {unknown}
 H - 2 potions of heal wounds
 I - 4 potions of mutation {unknown}


   Skills:
 + Level 5.8 Fighting
 + Level 4.6 Short Blades
 + Level 2.8 Maces & Flails
 + Level 6.4 Throwing
 + Level 6.2 Dodging
 + Level 2.3 Stealth
 - Level 3.0 Unarmed Combat
 - Level 3.0 Spellcasting


You had 14 spell levels left.
You knew the following spells:

 Your Spells              Type           Power      Damage    Failure   Level
a - Apportation           Tloc           0%         N/A       38%         1

Your spell library contained the following spells:

 Spells                   Type           Power      Damage    Failure   Level
 Necrotise                Necr           0%         1d4       38%         1
 Summon Small Mammal      Summ           0%         N/A       38%         1
 Dazzling Flash           Conj/Hex       0%         N/A       77%         3
 Ignite Poison            Fire/Tmut/Pois 0%         N/A       77%         3
 Iskenderun's Mystic Bla  Conj/Tloc      0%         2d3       99%         4
 Sticky Flame             Conj/Fire      0%         2d3       99%         4
 Starburst                Conj/Fire      0%         6d3       100%        6


Dungeon Overview and Level Annotations

Branches:
Dungeon (8/15)             Temple (0/1) D:4            Lair (1/5) D:8
Ossuary (visited)

Altars:
Dithmenos
Elyvilon
Makhleb
Sif Muna
Trog
Wu Jian
Yredelemnul
The Shining One

Shops:
D:1 (!   D:4 !   D:8 (

Annotations:
D:3 1 runed translucent door, Crazy Yiuf


Innate Abilities, Weirdness & Mutations

You are a tree.
Your roots penetrate the ground, keeping you stationary.
You cannot be teleported.
You are immune to unholy pain and torment.
Your maximum health is greatly increased.
Your equipment is partially melded.
You are too large for most types of armour.
((You have claws for hands.))
Your natural rate of healing is unusually fast.
((You are covered in fur. (AC +1)))
((You have tough skin. (AC +1)))


Message History

You hit the black mamba.
The black mamba is lightly wounded.
The yak gores you but does no damage. x2
The black mamba bites you but does no damage.
You barely miss the black mamba.
The black mamba is lightly wounded.
The black mamba bites you but does no damage.
The yak gores you but does no damage. The yak gores you.
* * * LOW HITPOINT WARNING * * *
You hit the black mamba but do no damage.
The black mamba is lightly wounded.
The black mamba bites you but does no damage.
You puncture the black mamba!
The black mamba is moderately wounded.
You hit the black mamba. Your punch misses the black mamba.
The black mamba is moderately wounded.
The black mamba bites you but does no damage.
The yak gores you but does no damage. x2
You barely miss the black mamba.
The black mamba is moderately wounded.
The black mamba bites you!
* * * LOW HITPOINT WARNING * * *
You hit the black mamba.
The black mamba is moderately wounded.
The black mamba bites you but does no damage.
The yak completely misses you. The yak gores you but does no damage.
You hit the black mamba.
The black mamba is heavily wounded.
The black mamba bites you but does no damage.
You hit the black mamba.
The black mamba is heavily wounded.
The yak gores you.
* * * LOW HITPOINT WARNING * * *
The yak gores you but does no damage. The black mamba bites you!
* * * LOW HITPOINT WARNING * * *
You barely miss the black mamba.
The black mamba is heavily wounded.
Your transformation is almost over.
The black mamba bites you.
You die...

§.....≈.###.#
≈≈≈≈≈§§..##.#
......).|##.#
####.....##.# ##
#...).##.# .#
#.....##.# .#
########.###### .#
#...YSY# .#
######♣#
.########## #Y#
.##.......# #Y#
.##.#####.# #.#
.##.#####.######.#
.................#
###.#####.########
# #.#####.#
#.......#


You could see a black mamba and 4 yaks.

Vanquished Creatures
  Pikel (D:4)
  Maggie (D:6)
  Sigmund (D:2)
  Eustachio (D:5)
  A wyvern (D:8)
  A steam dragon (D:8)
  Duvessa (D:6)
  A water moccasin (D:7)
  A sky beast (D:7)
  5 black bears
  An ice beast (D:8)
  3 lemures
  A centaur (D:8)
  3 elf zombies (Ossuary)
  A phantom (D:7)
  4 kobold brigands
  A gnoll sergeant (D:8)
  2 bullfrogs (D:7)
  3 scorpions
  5 wights
  5 centaur zombies (Ossuary)
  4 human zombies (Ossuary)
  A jelly (D:7)
  A gnoll bouda (D:8)
  3 orc priests
  3 hounds
  Jessica (D:2)
  2 iguanas
  5 orc wizards
  3 mummies (Ossuary)
  11 gnolls
  4 adders
  2 shadow imps
  A white imp (D:8)
  An ufetubus (D:6)
  2 worms
  3 dart slugs
  26 orcs
  6 ball pythons
  3 endoplasms
  A giant cockroach (D:4)
  5 goblins
  6 hobgoblins
  7 jackals
  27 kobolds
  2 quokkas
  5 bats
  3 frilled lizards
  6 rats
187 creatures vanquished.

Vanquished Creatures (collateral kills)
  A troll (D:7)
  Dowan (D:6)
2 creatures vanquished.

Vanquished Creatures (others)
  An ogre (D:4)
  An orc wizard (D:8)
  An orc (D:8)
3 creatures vanquished.

Grand Total: 192 creatures vanquished

Notes
Turn   | Place    | Note
-------+----------+-------------------------------------------
     0 | D:1      | Pilot the Troll Gladiator began the quest for the Orb.
     0 | D:1      | Reached XP level 1. HP: 19/19 MP: 0/0
    56 | D:1      | Found a faded altar of an unknown god.
   253 | D:1      | Found Soutuoff's Distillery.
   335 | D:1      | Reached XP level 2. HP: 28/28 MP: 1/1
   402 | D:1      | Found Culodywk's Weapon Boutique.
  1054 | D:2      | Noticed Jessica
  1072 | D:2      | Killed Jessica
  1073 | D:2      | Reached XP level 3. HP: 34/35 MP: 2/2
  1108 | D:2      | Noticed Sigmund
  1115 | D:2      | Killed Sigmund
  1116 | D:2      | Reached XP level 4. HP: 45/45 MP: 3/3
  1116 | D:2      | Reached XP level 5. HP: 53/53 MP: 4/4
  1556 | D:2      | Learned a level 1 spell: Apportation
  1967 | D:1      | Bought a potion of heal wounds for 60 gold pieces
  1967 | D:1      | Bought a potion of flight for 36 gold pieces
  1967 | D:1      | Bought a potion of curing for 36 gold pieces
  1967 | D:1      | Bought a potion of lignification for 36 gold pieces
  2084 | D:3      | Found a white marble altar of Elyvilon.
  2085 | D:3      | Found an ornate altar of the Wu Jian Council.
  2088 | D:3      | Identified the +6 dagger of Okawaru's Delight {speed, rPois
                  | rC+}
  2095 | D:3      | Became a worshipper of the Wu Jian Council
  2171 | D:3      | Identified the +1 chain mail "Geemeol" {rF+ Str+4}
  2442 | D:3      | Reached XP level 6. HP: 61/61 MP: 5/5
  2714 | D:3      | Found a runed translucent door.
  2715 | D:3      | Noticed Crazy Yiuf
  3117 | D:4      | Found Igyoseol's Distillery.
  3220 | D:4      | Noticed Pikel
  3244 | D:4      | HP: 3/61 [Pikel/+1 whip of flaming (1)]
  3334 | D:4      | Found a basalt altar of Yredelemnul.
  3369 | D:4      | Reached * piety under Wu Jian
  3469 | D:4      | Reached skill level 1 in Short Blades
  3617 | D:4      | Found a sand-covered staircase.
  3623 | Ossuary  | Entered an ossuary
  3661 | Ossuary  | Reached XP level 7. HP: 63/67 MP: 7/7
  3670 | Ossuary  | Reached skill level 1 in Spellcasting
  4120 | D:4      | Found a staircase to the Ecumenical Temple.
  4208 | D:4      | Killed Pikel
  4209 | D:4      | Reached skill level 5 in Throwing
  4209 | D:4      | Reached XP level 8. HP: 79/79 MP: 8/10
  4307 | D:4      | Bought a potion of lignification for 42 gold pieces
  4307 | D:4      | Bought a potion of haste for 140 gold pieces
  4444 | D:5      | Entered Level 5 of the Dungeon
  4460 | D:5      | Noticed Eustachio
  4471 | D:5      | Killed Eustachio
  4472 | D:5      | Reached skill level 5 in Dodging
  5140 | D:6      | Noticed Maggie
  5160 | D:6      | Killed Maggie
  5161 | D:6      | Reached XP level 9. HP: 50/87 MP: 11/11
  5249 | D:6      | Found a burning altar of Makhleb.
  5306 | D:6      | Reached skill level 1 in Stealth
  5357 | D:6      | Noticed Dowan
  5359 | D:6      | Noticed Duvessa
  5366 | D:6      | Killed Dowan
  5367 | D:6      | Reached skill level 5 in Fighting
  5371 | D:6      | Killed Duvessa
  5582 | D:6      | Reached ** piety under Wu Jian
  6158 | D:6      | Identified the +6 whip of Departure {protect, *Noise Dex+9}
  6399 | D:7      | Found a bloodstained altar of Trog.
  6415 | D:7      | Reached skill level 1 in Maces & Flails
  6492 | D:7      | Noticed a troll
  6507 | D:7      | Killed a troll
  7009 | D:7      | Identified the +0 ring mail "Usulic" {SInv}
  7092 | D:7      | Reached XP level 10. HP: 32/88 MP: 13/13
  7340 | D:8      | Found Myickes's Weapon Shop.
  7355 | D:8      | Upgraded the game from 0.30-a0-56-ge6a4009bfd to
                  | 0.29.1-debian-1-gc3f1650bb9
  7381 | D:8      | Found a shimmering blue altar of Sif Muna.
  7418 | D:8      | Reached *** piety under Wu Jian
  7539 | D:8      | Found a glowing golden altar of the Shining One.
  8081 | D:8      | Found a staircase to the Lair.
  8183 | D:8      | Found a shadowy altar of Dithmenos.
  8253 | Lair:1   | Entered Level 1 of the Lair of Beasts
  8253 | Lair:1   | Noticed a black mamba
  8259 | Lair:1   | Noticed a cane toad
  8278 | D:8      | HP: 6/147 [black mamba (11)]
  8279 | D:8      | Slain by a black mamba

Illustrated notes

Levels and vault maps discovered:
D:1:      lemuel_arrival_tunnels, layout_loops_ring,
          dreamdust_ecumenical_altar_grove, serial_shops,
          nicolae_shop_bloodbath_and_beyond, nicolae_shop_hallway_plus
D:2:      wander_river, layout_loops_ring, mrwooster_statue_mirror,
          minmay_increasing_density, uniq_sigmund, uniq_jessica
D:3:      layout_loops_corners, grunt_temple_overflow_open,
          uniq_crazy_yiuf_cottage
D:4:      layout_rooms, mainiacjoe_overflow_catwalk, lemuel_temple_firewalk_a,
          serial_shops, nicolae_inconvenience_store, nicolae_ossuary_entry_plus,
          uniq_pikel
D:5:      layout_loops_cross, uniq_eustachio
D:6:      layout_layer_cave, mainiacjoe_overflow_small_starburst,
          minmay_misc_feat_rows, nicolae_titane, uniq_maggie, uniq_duvessa
D:7:      layout_loops_ring, trog_ov_bears_minmay
D:8:      layout_loops_cross, kennysheep_little_box, tso_metal_star,
          mainiacjoe_overflow_cross_hatched, serial_shops,
          nicolae_lakefront_shop
Lair:1:   layout_cave_shapes, uniq_harold

Skill      XL: |  1  2  3  4  5  6  7  8  9 |
---------------+----------------------------+-----
Throwing       | 2 3 5 6 |  6.4
Fighting       | 2 3 4 5 |  5.8
Dodging        | 3 4 5 6 |  6.2
Short Blades   | 1 2 3 4 |  4.6
Spellcasting   | 2 3 |  3.0
Stealth        | 2 |  2.3
Maces & Flails | 2 |  2.8
Unarmed Combat | |  3.0

Action                   |  1- 3 |  4- 6 |  7- 9 | 10-12 || total
-------------------------+-------+-------+-------+-------++-------
Melee: Unarmed           |    43 |    33 |       |       ||    76
       Dagger            |       |   185 |   538 |   210 ||   933
       Punch             |       |     6 |    13 |     9 ||    28
       Whip              |       |       |    22 |       ||    22
Throw: Throwing net      |     2 |       |     1 |       ||     3
       Large rock        |     2 |     1 |     5 |       ||     8
       Dart              |       |       |    21 |    10 ||    31
Invok: Lunge             |       |    10 |    27 |     9 ||    46
       Whirlwind         |       |     2 |    18 |    12 ||    32
Evoke: Wand              |       |       |     1 |       ||     1
  Use: Scroll            |       |     2 |     1 |       ||     3
       Potion            |       |     1 |       |     1 ||     2
 Stab: Sleeping          |       |     1 |     4 |       ||     5
       Distracted        |       |       |     1 |       ||     1
       Invisible         |       |       |     1 |       ||     1
Armor: Robe              |    12 |    57 |    74 |    27 ||   170
       Steam dragon scal |       |       |     7 |       ||     7
       Skin              |       |       |       |    24 ||    24
Dodge: Dodged            |    17 |    93 |   162 |    74 ||   346
